 Dungeon Crawl Stone Soup version 0.23.0 (webtiles) character file.

Game seed: 536677370639523015

41 inmateoo the Insei (level 3, -6/24 HPs)
             Began as an Octopode Transmuter on Feb 18, 2019.
             Killed from afar by Natasha (9 damage)
             ... with a magic dart
             ... on level 2 of the Dungeon.
             The game lasted 00:01:23 (1187 turns).

inmateoo the Insei (Octopode Transmuter)            Turns: 1187, Time: 00:01:25

Health: -6/24      AC:  1    Str:  9    XL:     3   Next: 52%
Magic:  4/6        EV: 13    Int: 16    God:
Gold:   126        SH:  0    Dex: 12    Spells: 5/6 levels left

rFire    . . .     SeeInvis .     - Unarmed
rCold    . . .     Gourm    .   (no shield)
rNeg     . . .     Faith    .   (helmet restricted)
rPois    .         Spirit   .   (no amulet)
rElec    .         Reflect  .   (no ring)
rCorr    .         Harm     .   (no ring)
MR       .....                  (no ring)
Stlth    ++........             (no ring)
HPRegen  0.08/turn              (no ring)
MPRegen  0.10/turn              (no ring)
                                (no ring)
                                (no ring)

@: appendage, very slightly contaminated, slowed, very slow
A: almost no armour, stealthy swim, amphibious, 8 rings, constrict 8, tentacle
spike 3, camouflage 1, gelatinous body 1
a: End Transformation


You were on level 2 of the Dungeon.
You were hungry.
One of your tentacles had a temporary spike.
You visited 1 branch of the dungeon, and saw 2 of its levels.

You collected 126 gold pieces.

Inventory:

Missiles
 a - 12 arrows
 i - 4 stones (quivered)
Scrolls
 b - 2 scrolls of identify {unknown}
 d - a scroll of magic mapping {unknown}
 e - a scroll of blinking {unknown}
 f - 2 scrolls of remove curse {unknown}
 g - a scroll of fear {unknown}
 h - a scroll of amnesia {unknown}
Comestibles
 c - 2 rations


   Skills:
 + Level 1.7 Fighting
 - Level 2.0 Dodging
 * Level 3.6 Unarmed Combat
 + Level 2.3 Spellcasting
 + Level 2.4 Transmutations


You had 5 spell levels left.
You knew the following spells:

 Your Spells              Type           Power        Failure   Level  Hunger
a - Beastly Appendage     Tmut           #.....       8%          1    #......

Your spell library contained the following spells:

 Spells                   Type           Power        Failure   Level  Hunger
 Sticks to Snakes         Tmut           #.......     12%         2    ###....
 Spider Form              Tmut/Pois      #.........   36%         3    ###....
 Ice Form                 Ice/Tmut       #.......     77%         4    #####..
 Blade Hands              Tmut           #.........   91%         5    ######.


Dungeon Overview and Level Annotations

Branches:
Dungeon (2/15)

Altars:

Annotations:
D:2 Natasha


Innate Abilities, Weirdness & Mutations

You cannot wear most types of armour.
You are very stealthy in the water. (Stealth+)
You are amphibious.
You can wear up to eight rings at the same time.
You can use your tentacles to constrict eight enemies at once.
Your skin changes colour to match your surroundings (Stealth+).
Your rubbery body absorbs attacks. (AC +1, EV +1)
One of your tentacles bears a large vicious spike.


Message History

Natasha is moderately wounded.
The quokka closely misses you.
Natasha stares at you and mumbles some strange words.
You feel yourself slow down.
Unknown command.
You miss Natasha. Your grab misses Natasha.
Your tentacle spike misses Natasha.
Natasha is moderately wounded.
The quokka bites you. Natasha closely misses you. The quokka misses you.
Unknown command.
You closely miss Natasha. Your grab misses Natasha.
Your tentacle spike misses Natasha.
Natasha is moderately wounded.
The quokka twitches its whiskers.
The quokka barely misses you. Natasha casts a spell at you.
The magic dart hits you!
* * * LOW HITPOINT WARNING * * *
Natasha casts a spell at you. The magic dart hits you!
You die...

#.# #.#######§
#.#+#.#......§
#............§
#.............
#.............
###.#+#.#.......
#...# #.#.......
#...# #.#.......
#.@.# #.#.......
#hr.# #.#.######
#..... #...###
#...# #..$#
....# ..###


You could see Natasha and a quokka.

Vanquished Creatures
  2 adders (D:2)
  A dart slug (D:1)
  A leopard gecko (D:1)
  A bat (D:1)
  A giant cockroach (D:2)
  3 goblins
  4 hobgoblins
  2 kobolds (D:2)
  3 frilled lizards
  2 rats (D:1)
20 creatures vanquished.

Notes
Turn   | Place    | Note
-------+----------+-------------------------------------------
     0 | D:1      | inmateoo the Octopode Transmuter began the quest for the
                  | Orb.
     0 | D:1      | Reached XP level 1. HP: 13/13 MP: 3/3
   412 | D:1      | Reached XP level 2. HP: 17/18 MP: 5/5
   844 | D:2      | Reached XP level 3. HP: 7/23 MP: 6/6
  1174 | D:2      | Noticed Natasha
  1187 | D:2      | Killed from afar by Natasha

Action                   || total
-------------------------++-------
Melee: Unarmed           ||    52
       Constrict         ||    13
       Kick              ||     4
       Tentacles         ||     2
 Cast: Beastly Appendage ||     6
 Stab: Sleeping          ||     1
Armor: Skin              ||     1
Dodge: Dodged            ||    27
